 Dungeon Crawl Stone Soup version 0.19.5 (webtiles) character file.

193 miragecloak the Insei (level 5, 0/40 HPs)
             Began as a Draconian Transmuter on May 18, 2017.
             Slain by a leopard gecko (3 damage)
             ... on level 3 of the Dungeon.
             The game lasted 00:01:48 (1942 turns).

miragecloak the Insei (Draconian Transmuter)        Turns: 1942, Time: 00:01:48

Health: 0/40       AC:  5    Str: 12    XL:     5   Next: 43%
Magic:  7/8        EV: 12    Int: 13    God:
Gold:   123        SH:  0    Dex: 13    Spells: 1 memorised, 7 levels left

rFire  . . .     SeeInvis .       - Unarmed
rCold  . . .     Gourm    .     (armour unavailable)
rNeg   . . .     Faith    .     (no shield)
rPois  .         Spirit   .     (helmet restricted)
rElec  .         Reflect  .     (no cloak)
rCorr  .         Harm     .     (no gloves)
MR     .....                    (boots currently unavailable)
Stlth  +.........               (no amulet)
                                (no ring)
                                (no ring)

@: lethally poisoned (0 -> -14), appendage
A: unfitting armour, talons 3, cold-blooded, AC +5
a: End Transformation


You were on level 3 of the Dungeon.
You were not hungry.
You had grown temporary talons.
You visited 1 branch of the dungeon, and saw 3 of its levels.

You collected 123 gold pieces.

Inventory:

Missiles
 a - 36 arrows
Scrolls
 h - a scroll of magic mapping {unknown}
 i - 2 scrolls of identify {unknown}
 j - a scroll of fog {unknown}
 k - a scroll of amnesia {unknown}
 m - a scroll of remove curse {unknown}
 o - 2 scrolls of enchant weapon {unknown}
Potions
 d - 2 potions of curing
 e - a potion of degeneration {unknown}
 f - 2 potions of experience {unknown}
Books
 b - a book of Changes

   Spells                             Type                      Level
   a - Beastly Appendage              Transmutation                1
   b - Sticks to Snakes               Transmutation                2
   c - Spider Form                    Transmutation/Poison         3
   d - Ice Form                       Ice/Transmutation            4
   e - Blade Hands                    Transmutation                5
Comestibles
 c - 2 bread rations
 g - 2 slices of pizza
 l - a beef jerky


   Skills:
 - Level 1.1 Fighting
 - Level 1.7 Dodging
 + Level 5.7 Unarmed Combat
 - Level 2.0 Spellcasting
 - Level 3.0 Transmutations


You had 7 spell levels left.
You knew the following spells:

 Your Spells              Type           Power        Failure   Level  Hunger
a - Beastly Appendage     Tmut           #.....       10%         1    ##.....


Dungeon Overview and Level Annotations

Branches:
Dungeon (3/15)

Altars:
Cheibriados


Innate Abilities, Weirdness & Mutations

Your plain brown scales are hard. (AC +5)
You cannot fit into any form of body armour.
You are cold-blooded and may be slowed by cold attacks.
You have claws for feet.


Message History

You tail-slap the scorpion, but do no damage.
The scorpion is almost dead.
The leopard gecko hisses menacingly.
The scorpion stings you.
* * * LOW HITPOINT WARNING * * *
Casting: Beastly Appendage
Confirm with . or Enter, or press ? or * to list all spells.
Your feet morph into talons.
You feel sick. The scorpion stings you.
* * * LOW HITPOINT WARNING * * *
You are lethally poisoned!
The scorpion poisons you!
You completely miss the scorpion. You claw the scorpion.
You kill the scorpion!
* * * LOW HITPOINT WARNING * * *
You feel sick.
You barely miss the leopard gecko. You claw the leopard gecko.
The leopard gecko is lightly wounded.
* * * LOW HITPOINT WARNING * * *
You feel sick. The leopard gecko bites you.
You die...

....##..##........
.............?....
#[......##.?..>...
#.......##......##
...........)......
..................
..#.#..####....## #.#..####....#
#... #...gl@......#######...
#..#.#..###......... .....
#..#.#......<...... .....
#..#.#..###....##.# #...
#..#.#..###....##.#####...
#.........................
#..#....###...............
######..#.#....รท....##.#####...
..........#...##.##.##.# #..#


You could see a leopard gecko and a hobgoblin.

Vanquished Creatures
  A bullfrog (D:3)
  A scorpion (D:3)
  2 adders (D:2)
  2 oozes
  A dart slug (D:2)
  2 leopard geckos
  5 bats
  6 goblins
  6 hobgoblins
  3 jackals (D:1)
  A quokka (D:3)
  5 frilled lizards
  7 kobolds
  11 rats
53 creatures vanquished.

Notes
Turn   | Place    | Note
-------+----------+-------------------------------------------
     0 | D:1      | miragecloak the Draconian Transmuter began the quest for the Orb.
     0 | D:1      | Reached XP level 1. HP: 16/16 MP: 3/3
   302 | D:1      | Reached XP level 2. HP: 17/23 MP: 3/5
   768 | D:1      | Reached XP level 3. HP: 28/28 MP: 4/6
  1197 | D:2      | Reached skill level 4 in Unarmed Combat
  1414 | D:2      | Reached XP level 4. HP: 33/35 MP: 5/7
  1565 | D:2      | Found a snail-covered altar of Cheibriados.
  1854 | D:3      | Noticed a bullfrog
  1864 | D:3      | Killed a bullfrog
  1864 | D:3      | Reached skill level 5 in Unarmed Combat
  1864 | D:3      | Reached XP level 5. HP: 24/40 MP: 6/8
  1942 | D:3      | Slain by a leopard gecko

Skill      XL: |  1  2  3  4 |
---------------+-------------+-----
Transmutations | 3 |  3.0
Unarmed Combat | 4 5 |  5.7
Fighting       | |  1.1
Dodging        | |  1.7
Spellcasting   | |  2.0

Action                   |  1- 3 |  4- 6 || total
-------------------------+-------+-------++-------
Melee: Unarmed           |   133 |    52 ||   185
       Tailslap          |     9 |     3 ||    12
       Kick              |    17 |     7 ||    24
       Punch             |     3 |       ||     3
       Headbutt          |     2 |     5 ||     7
 Cast: Beastly Appendage |    22 |    10 ||    32
  Use: Potion            |       |     1 ||     1
 Stab: Sleeping          |     2 |       ||     2
  Eat: Chunk             |     2 |     2 ||     4
Armor: Skin              |    39 |    15 ||    54
Dodge: Dodged            |    90 |    31 ||   121
